[Event "*** Titled Tuesday 3|2 Blitz"]
[Site "Chess.com"]
[Date "2015.11.03"]
[Round "7"]
[White "Makalexa"]
[Black "metalbattler"]
[Result "1-0"]
[WhiteElo "2113"]
[BlackElo "1981"]
[TimeControl "180+2"]
[EndTime "12:31:29 PST"]
[Termination "Makalexa won on time"]

1. e4 d5 2. exd5 Nf6 3. Nf3 Qxd5 4. Nc3 Qa5 5. d4 c6 6. Ne5 Bf5 7. Bc4 e6 8. Be3 Nbd7 9. Qd2 Bd6 10. Nxd7 Nxd7 11.
O-O-O O-O-O 12. Kb1 Nb6 13. Bb3 Bb4 14. Qe1 Nd5 15.
Bd2 Nxc3+ 16. bxc3 Ba3 17. c4 Qa6 18. Bc3 Rd7 19. c5 Rhd8 20. Rd2 Qb5 21. Qe2 Bxc5 22. dxc5 Qxc5 23. Rxd7 Rxd7 24. Qe3 Qa3 25. Bb2 Qb4 26. Qxa7 f6 27. Qa3 Qd2 28. Qc5 Kc7 29. Bc3 Qe2 30. Ba5+ Kb8 31. Bb6 1-0

[Event "*** Titled Tuesday 3|2 Blitz"]
[Site "Chess.com"]
[Date "2015.11.03"]
[Round "7"]
[White "VovAn1991"]
[Black "Canonkasparov"]
[Result "0-1"]
[WhiteElo "2456"]
[BlackElo "2380"]
[TimeControl "180+2"]
[EndTime "12:31:38 PST"]
[Termination "Canonkasparov won by resignation"]

1. e4 d5 2. exd5 Qxd5 3. Nc3 Qa5 4. Bc4 Nf6 5. Nf3 c6 6. d4 Bf5 7. Bd2 e6 8. O-O Nbd7 9. Qe2 Bb4 10. a3 Bxc3 11. Bxc3 Qc7 12. Ne5 O-O 13. Rad1 Nxe5 14. dxe5 Nd5 15. Be1 a5 16. c3 Rfd8 17. f4 Nb6 18.
Bh4 Rxd1 19. Rxd1 Nxc4 20. Qxc4 Qb6+ 21. Kh1 Qxb2 22. h3 Qc2 23. Qd4 h5 24. Kh2 c5 25.
Qd7 Be4 26. Rd2 Qxc3 27. Rd1 Qxa3 28. f5 Bxf5 29. Qxb7 Re8 30. Qb5 Rc8 31. Qb7 Rf8 32. Be7 Qa4 33. Rd7 Qf4+ 34. Kg1 Be4 35. Qb2 Re8 36.
Bxc5 Bd5 37. Ra7 a4 38. Bb4 Rc8 39. Bd2 Qe4 40. Bg5 Rc2 0-1

[Event "*** Titled Tuesday 3|2 Blitz"]
[Site "Chess.com"]
[Date "2015.11.03"]
[Round "7"]
[White "Frolyanov_D"]
[Black "ruifeng"]
[Result "1-0"]
[WhiteElo "2359"]
[BlackElo "2134"]
[TimeControl "180+2"]
[EndTime "12:31:58 PST"]
[Termination "Frolyanov_D won by resignation"]

1. d4 Nf6 2. c4 g6 3. Nf3 Bg7 4. g3 c5 5. Bg2 cxd4 6. Nxd4 O-O 7. O-O Qc7 8. b3 Nc6 9. Bb2 d6 10. Nb5 Qd8 11. N1c3 Be6 12. Nd5 Nxd5 13. Bxg7 Ne3 14.
fxe3 Kxg7 15. Nd4 Bd7 16. Bd5 Rc8 17. Qd2 e6 18. Bg2 a6 19. Rad1 Ne5 20. Nf3 Nxf3+ 21.
exf3 Qb6 22. Qd4+ Qxd4 23. Rxd4 Bc6 24. Rxd6 Rfd8 25. Rfd1 Rxd6 26. Rxd6 Kf6 27. f4 Ke7 28. Rd2 a5 29. e4 b6 30. e5 Bxg2 31. Kxg2 Rc6 32.
Kf3 h5 33. h4 Rc5 34. Ke4 Rc6 35. Kd4 Rc8 36. a3 f6 37. b4 fxe5+ 38. fxe5 axb4 39. axb4 Rd8+ 40. Kc3 Rf8 41. c5 bxc5 42. bxc5 Rf3+ 43. Rd3 Rf1 44. Kc4 Re1 45. Kb5 Rxe5 46. Kb6 Re1 47. Rb3 Rc1 48. c6 Kd6 49. Rd3+ Ke5 50. c7 Kf5 51.
Rb3 e5 52. Rb5 1-0

[Event "*** Titled Tuesday 3|2 Blitz"]
[Site "Chess.com"]
[Date "2015.11.03"]
[Round "7"]
[White "spectralsoul"]
[Black "Dlugy"]
[Result "0-1"]
[WhiteElo "2481"]
[BlackElo "2573"]
[TimeControl "180+2"]
[EndTime "12:32:03 PST"]
[Termination "Dlugy won by resignation"]

1. g3 d5 2. Bg2 c6 3. Nf3 Bg4 4. h3 Bh5 5. d3 e6 6. O-O Nf6 7. Nbd2 Be7 8. e4 O-O 9. Qe2 c5 10. Re1 Nc6 11. c3 Rc8 12. g4 Bg6 13. Nh4 dxe4 14.
dxe4 Nd7 15. Nxg6 hxg6 16. Rd1 Qc7 17. Nf3 Rfd8 18. Be3 Bd6 19. Bg5 f6 20. Qc4 Nf8 21. Be3 Na5 22. Qe2 g5 23. Rd2 Bf4 24. Bxf4 Qxf4 25.
Rad1 Rxd2 26. Rxd2 Ng6 27. Rd7 Nf8 28. Rd1 Nc6 29.
Qc4 b6 30. b4 Ne5 31. Nxe5 Qxe5 32. a4 Ng6 33. Rd7 Kh7 34. Qa6 Rc7 35. Rxc7 Qxc7 36.
Qc4 Qe5 37. Bf1 Qd6 38. Qa6 Qc7 39. Qc4 Nf4 40. Qb5 Qd6 41. Qc4 cxb4 42. cxb4 Qd1 43. b5 Nxh3+ 44. Kg2 Qxg4+ 45. Kh2 Nxf2 46. Bg2 Qf4+ 47.
Kg1 Ng4 48. Qe2 Qc1+ 49. Bf1 Qe3+ 50. Kg2 Qxe2+ 51. Bxe2 Ne5 52. Kg3 g6 53. Bd1 Kg7 54. Bb3 Kf7 0-1

[Event "*** Titled Tuesday 3|2 Blitz"]
[Site "Chess.com"]
[Date "2015.11.03"]
[Round "7"]
[White "Oligan22"]
[Black "Baggio95"]
[Result "0-1"]
[WhiteElo "2173"]
[BlackElo "2388"]
[TimeControl "180+2"]
[EndTime "12:32:11 PST"]
[Termination "Baggio95 won on time"]

1. e4 e5 2. Nf3 Nc6 3. Bb5 a6 4. Ba4 Nge7 5. c3 g6 6. d4 exd4 7. cxd4 b5 8. Bb3 Bg7 9. O-O O-O 10. Nc3 Na5 11. Bc2 d6 12. Be3 Nc4 13. Bc1 Bg4 14. b3 c5 15. bxc4 cxd4 16. Nd5 Nxd5 17. cxd5 d3 18.
Rb1 dxc2 19. Qxc2 Bxf3 20. gxf3 Rc8 21. Qe2 Qh4 22. f4 Rc3 23. Rb3 Rfc8 24. Be3 Rc2 25. Qf3 Rxa2 26. e5 dxe5 27. d6 Rd8 28. Rd1 e4 29. Qg2 Qh5 30. Rbb1 Rd7 31. Qxe4 Qg4+ 32. Kh1 Bf8 33. Qc6 Qf5 34. Rbc1 b4 35. Qc8 b3 36. Rc7 Rxd6 37. Rxd6 Qxc8 38. Rxc8 b2 39. Rdd8 b1=Q+ 40. Kg2 Qe4+ 41. Kg3 Ra1 42. Rxf8+ Kg7 0-1

[Event "*** Titled Tuesday 3|2 Blitz"]
[Site "Chess.com"]
[Date "2015.11.03"]
[Round "7"]
[White "igorkovalenko"]
[Black "MITerryble"]
[Result "0-1"]
[WhiteElo "2529"]
[BlackElo "2606"]
[TimeControl "180+2"]
[EndTime "12:32:13 PST"]
[Termination "MITerryble won by resignation"]

1. d4 e6 2. Nf3 Nf6 3. e3 b6 4.
Bd3 Bb7 5. O-O Be7 6. c4 O-O 7. Nc3 d5 8. cxd5 exd5 9. b3 Nbd7 10. Bb2 c5 11. Rc1 a6 12. Qe2 b5 13. dxc5 Nxc5 14.
Bb1 Qb6 15. Rfd1 Rfd8 16. Nd4 Bf8 17. Qf3 Nce4 18. Nce2 Rac8 19. Qh3 b4 20. f3 Nd6 21.
Kf2 Re8 22. Ng3 g6 23. Qh4 Bg7 24. Qf4 Nd7 25. Nf1 Rxc1 26. Rxc1 Nc5 27. Rd1 a5 28. h4 a4 29. h5 axb3 30. axb3 Nxb3 31. h6 Be5 32.
Qh4 Nc4 33. Nxb3 Nxb2 34. Re1 Bc3 35. Re2 Nd1+ 36. Kg1 Nxe3 37. Qf2 d4 38. Bd3 Bd5 39. Nbd2 b3 40. Nb1 Bb4 41. Qh4 Kf8 42. Qg5 f6 43. Qh4 Bf7 44. Qf4 Bd6 45. Qh4 Bc5 46. Nxe3 Rxe3 47. Rd2 Bb4 48. Rd1 Qd6 49. Bf1 Qe5 50.
f4 Qd6 51. Nd2 b2 52. Qg4 Qe6 53. f5 Qxf5 54. Qxd4 Bc5 55. Qa4 Ra3+ 0-1

[Event "*** Titled Tuesday 3|2 Blitz"]
[Site "Chess.com"]
[Date "2015.11.03"]
[Round "7"]
[White "sorito"]
[Black "Aygehovit1992"]
[Result "0-1"]
[WhiteElo "2102"]
[BlackElo "2482"]
[TimeControl "180+2"]
[EndTime "12:32:13 PST"]
[Termination "Aygehovit1992 won by resignation"]

1. d4 g6 2. Nf3 Bg7 3. c3 d5 4. Bf4 Nf6 5. e3 O-O 6. h3 c5 7. Bd3 Nc6 8. Nbd2 b6 9. O-O Bf5 10.
Bxf5 gxf5 11. Qa4 Qd7 12. dxc5 bxc5 13. Rfd1 e6 14. Qa3 Qe7 15. Ne5 Nxe5 16. Bxe5 Rfc8 17. c4 Qf8 18. Rac1 dxc4 19. Nxc4 Ne4 20. Rd7 Rd8 21. Bxg7 Kxg7 22. Rcd1 Nf6 23. Qc3 Rxd7 24. Rxd7 Qe8 25. Rc7 Rd8 26. f4 Rd1+ 27. Kh2 Qd8 28. Rxa7 Rd3 29.
Qe1 Ne4 30. Ne5 Rd1 31. Rxf7+ Kg8 32. Qe2 Rh1+ 33. Kxh1 Ng3+ 34. Kh2 Nxe2 35. Rd7 Qa8 36. a3 Qa5 37. Re7 Qe1 38. Re8+ Kg7 39. Nf3 Qc1 40. Rxe6 Qxb2 41. Ng5 Qa1 42. Nf3 c4 43. Rc6 c3 44.
g4 fxg4 45. hxg4 Qb2 46. Rc7+ Kf8 47. Kh3 c2 48. Rc8+ Ke7 49. Rc7+ Kd8 0-1

[Event "*** Titled Tuesday 3|2 Blitz"]
[Site "Chess.com"]
[Date "2015.11.03"]
[Round "7"]
[White "AlexanderL"]
[Black "FairChess_on_YouTube"]
[Result "1-0"]
[WhiteElo "2576"]
[BlackElo "2695"]
[TimeControl "180+2"]
[EndTime "12:32:20 PST"]
[Termination "AlexanderL won by resignation"]

1. d4 d5 2. Bf4 Nf6 3. e3 c5 4. c3 Nc6 5. Nd2 g6 6. Ngf3 Nd7 7. Be2 Bg7 8. O-O O-O 9. Qb3 c4 10. Qa3 e5 11. dxe5 Ndxe5 12. Nxe5 Nxe5 13. Nf3 Nxf3+ 14. Bxf3 Bf5 15. Bd6 Re8 16. Bxd5 Bf8 17. Bxf8 Qxd5 18. Qd6 Qd3 19. Rfd1 Qxd6 20. Bxd6 Bd3 21.
Bc5 b5 22. Rd2 a5 23. f3 a4 24. a3 f5 25. Kf2 h5 26. Bd4 Kh7 27. h4 Re6 28.
Kg3 Rae8 29. Kf4 Kh6 30. Rg1 Rf8 31. Rdd1 Rf7 32. Rde1 Re8 33. Rh1 Re6 34. Reg1 Re8 35. Kg3 Re6 36. Kf2 Re8 37. Ke1 Re6 38. Kd2 Re8 39.
Rh2 Re6 40. g3 Kh7 41. Rf2 Kh6 42. Rgg2 Re8 43. Ke1 Re6 44. Rd2 Rfe7 45. Kf2 Rf7 46. Kg1 Re8 47. Kh2 Kh7 48. Rdf2 Kh6 49. g4 fxg4 50.
fxg4 Ref8 51. g5+ Kh7 52. Rf6 Bf5 53. Rf2 Kg8 54. R2xf5 1-0

[Event "*** Titled Tuesday 3|2 Blitz"]
[Site "Chess.com"]
[Date "2015.11.03"]
[Round "7"]
[White "AndrewMcStone"]
[Black "stepanosinovsky"]
[Result "1-0"]
[WhiteElo "2004"]
[BlackElo "2203"]
[TimeControl "180+2"]
[EndTime "12:32:20 PST"]
[Termination "AndrewMcStone won on time"]

1. d4 Nf6 2. c4 g6 3. Nc3 Bg7 4. e4 O-O 5. f4 c5 6. d5 e6 7. dxe6 dxe6 8. Qxd8 Rxd8 9. e5 Nfd7 10. Nf3 Nc6 11.
Be3 b6 12. Ne4 f6 13. O-O-O fxe5 14. Neg5 Nd4 15. Bxd4 exd4 16. Nxe6 Bb7 17. Nxd8 Bxf3 18. gxf3 Rxd8 19. Bh3 Bh6 20. Rhe1 Bxf4+ 21. Kc2 Ne5 22. Be6+ Kg7 23. Re4 g5 24. Rg1 Kf6 25. Bd5 b5 26. b3 a5 27. h4 bxc4 28. bxc4 d3+ 29. Kc3 h6 30. hxg5+ hxg5 31. Rh1 Rb8 32. Rh6+ Kg7 33. Rh1 Kg6 34. Rg1 Kf6 35. Rxe5 Bxe5+ 36. Kxd3 Rb2 37. a4 Ra2 38. Bc6 Bd4 39. Rh1 Ke5 40. Re1+ Kf5 41. Re2 Ra3+ 42. Kd2 Rc3 43. Re8 1-0

[Event "*** Titled Tuesday 3|2 Blitz"]
[Site "Chess.com"]
[Date "2015.11.03"]
[Round "7"]
[White "WanderingPuppet"]
[Black "Rating-Schmating"]
[Result "0-1"]
[WhiteElo "2182"]
[BlackElo "1961"]
[TimeControl "180+2"]
[EndTime "12:32:52 PST"]
[Termination "Rating-Schmating won by resignation"]

1. e4 e6 2. d4 d5 3. Nc3 Nf6 4. Bg5 Be7 5. e5 Nfd7 6. h4 h6 7.
Qh5 a6 8. O-O-O g6 9. Bxe7 Qxe7 10.
Qg4 h5 11. Qf4 c5 12. dxc5 Nxc5 13. Nf3 Nc6 14. Bd3 Nxd3+ 15. Rxd3 Bd7 16. a3 O-O-O 17. Na4 Kb8 18. Nb6 Ka7 19. Qe3 Kb8 20. c4 dxc4 21. Nxc4 Rc8 22. Rhd1 Rhd8 23. Nb6 Nxe5+ 24. Nxc8 Nxd3+ 25. Qxd3 Rxc8+ 26. Kb1 Bc6 27. Rc1 Qf6 28. Qd6+ Ka8 29.
Qe5 Qf5+ 30. Qxf5 exf5 31. Re1 Bxf3 32. gxf3 Rc4 33. Re7 Rxh4 34. Rxf7 Rf4 35. Rg7 Rxf3 36. Rxg6 Rxf2 37. Rh6 Rh2 38. Ka2 h4 39. Kb3 h3 40.
Kc4 Rh1 41. Kc5 Kb8 42. Kb6 Kc8 43. Rh8+ Kd7 44. Kxb7 h2 45. Kxa6 f4 46. Rh3 Ke6 47. b4 Kf5 48. b5 Kg4 49. Rh8 f3 50. Rg8+ Kf4 51. b6 f2 52. Rf8+ Ke3 53. b7 Rb1 54.
Re8+ Kf3 55. Rf8+ Kg2 56. Rg8+ Kh1 57. Rf8 Kg2 58. Rg8+ Kf3 59. Rf8+ Ke2 60. Re8+ Kd2 61. Rd8+ Ke3 62. Re8+ Kd4 63. Rd8+ Kc5 64. Rc8+ Kd6 65. Rd8+ Ke7 66. b8=Q Rxb8 67. Rxb8 f1=Q+ 68. Ka7 h1=Q 69. Rb7+ Qxb7+ 70. Kxb7 Qb5+ 0-1

[Event "*** Titled Tuesday 3|2 Blitz"]
[Site "Chess.com"]
[Date "2015.11.03"]
[Round "7"]
[White "AndroQueen"]
[Black "amaidel"]
[Result "1-0"]
[WhiteElo "2249"]
[BlackElo "2336"]
[TimeControl "180+2"]
[EndTime "12:32:58 PST"]
[Termination "AndroQueen won by resignation"]

1. e4 e5 2. Nf3 Nc6 3. Bb5 g6 4.
d4 exd4 5. Nxd4 Bg7 6. Nxc6 bxc6 7. Bc4 d6 8. O-O Nf6 9. Nc3 O-O 10. h3 Be6 11. Bxe6 fxe6 12. Qd3 Nd7 13. Be3 Ne5 14.
Qe2 c5 15. Rad1 Qe7 16. f4 Nc6 17. Qd2 Rab8 18. b3 Nd4 19. Ne2 Nxe2+ 20. Qxe2 Rb4 21. Bd2 Rbb8 22. Kh1 Qh4 23. Be1 Qe7 24. Bg3 e5 25. f5 gxf5 26. exf5 e4 27. Qc4+ Kh8 28. Rde1 Rbe8 29.
Rf4 e3 30. Bh4 Qe5 31. f6 Bxf6 32. Rxe3 Qa1+ 33. Rf1 Rxe3 34. Bxf6+ Qxf6 35. Rxf6 Rxf6 36. Kh2 Re7 37. Qa6 Rg7 38. Qxa7 Rf2 39. Qa8+ Rg8 40. Qe4 h6 41. a4 Rf1 42. a5 Ra1 43. b4 Rg7 44. Qa8+ Kh7 45. b5 Ra2 46. a6 c6 47.
Qxc6 h5 48. Qxd6 c4 49. Qd4 Kh6 50. Qf4+ Kh7 51. Qe4+ Kh6 52. Qf4+ Kh7 53. Qxc4 Ra1 54. b6 Rg6 55. b7 Raxa6 56. b8=Q Rac6 57. Qb7+ Kh6 58.
Qbxc6 1-0

[Event "*** Titled Tuesday 3|2 Blitz"]
[Site "Chess.com"]
[Date "2015.11.03"]
[Round "7"]
[White "Krutoy123"]
[Black "SenseiJulio"]
[Result "1/2-1/2"]
[WhiteElo "2326"]
[BlackElo "2587"]
[TimeControl "180+2"]
[EndTime "12:33:12 PST"]
[Termination "Game drawn - insufficient material"]

1. e4 e6 2. d4 d5 3. Nd2 Be7 4.
Ngf3 Nf6 5. e5 Nfd7 6. Bd3 c5 7.
c3 Nc6 8. O-O O-O 9. Re1 f6 10.
exf6 Nxf6 11. Ng5 cxd4 12. Nxe6 Bxe6 13. Rxe6 dxc3 14. bxc3 Bc5 15. Nf3 Ne4 16. Be3 Bxe3 17. fxe3 Nc5 18. Rxc6 bxc6 19. Bc2 Qe7 20. Qd4 Rae8 21.
Re1 Ne4 22. c4 Qb4 23. cxd5 Qxd4 24. exd4 cxd5 25. Bb3 Nc3 26. Ne5 Rf4 27. Re3 Rxd4 28. g3 Ne4 29. Nf3 Rb4 30. Ng5 Rxb3 31. axb3 h6 32. Nf3 Rb8 33. Rd3 Rb5 34. Nd4 Rc5 35. Ne6 Rc1+ 36. Kg2 Rc2+ 37. Kf3 Kf7 38. Nf4 Rc3 39. Ke3 Rxd3+ 40. Kxd3 Nc5+ 41. Kc3 Ne4+ 42.
Kd4 Nd2 43. b4 Nf3+ 44. Kxd5 Nxh2 45. Kc6 g5 46. Ne2 Ke6 47. Kb7 Kd5 48. Kxa7 Kc4 49.
Kb6 Kxb4 50. Kc6 Kc4 51. Kd6 Kd3 52. Nc1+ Ke4 53. Ke6 Nf1 54. g4 Kf4 55. Kf6 Kxg4 56. Nd3 Ng3 57. Ne5+ Kf4 58. Nd3+ Ke4 59. Ne1 g4 60.
Kg6 Nf5 61. Kh5 Kf4 62. Nd3+ Kg3 63. Ne5 Ne3 64. Kxh6 Kf4 65. Nxg4 Nxg4+ 1/2-1/2

[Event "*** Titled Tuesday 3|2 Blitz"]
[Site "Chess.com"]
[Date "2015.11.03"]
[Round "7"]
[White "Lupul_Cenusiu"]
[Black "cassoulet"]
[Result "0-1"]
[WhiteElo "2384"]
[BlackElo "2287"]
[TimeControl "180+2"]
[EndTime "12:33:15 PST"]
[Termination "cassoulet won by checkmate"]

1. d4 d5 2. Nf3 Nf6 3. c4 e6 4. Nc3 Be7 5. Bg5 Nbd7 6. e3 Ne4 7. Bxe7 Qxe7 8. Rc1 Nxc3 9. Rxc3 c6 10. Bd3 dxc4 11.
Bxc4 e5 12. O-O O-O 13. Qc2 exd4 14. Nxd4 Ne5 15. Be2 Bd7 16. Qb3 b6 17. f4 Ng6 18.
Bf3 c5 19. Nb5 Bxb5 20. Qxb5 Rad8 21. Qe2 Rfe8 22. g3 Qe6 23. b3 Ne7 24. Rd1 Nf5 25.
Kf2 Rxd1 26. Qxd1 Nxe3 27. Qe2 Nf5 28. Qxe6 Rxe6 29. Bg4 Rf6 30. Bxf5 Rxf5 31. Rd3 g6 32. Rd7 a5 33. Rd6 b5 34. Ra6 c4 35. Rxa5 c3 36. Ra8+ Kg7 37. Rc8 b4 38. Rc4 Ra5 39. Rxb4 Rxa2+ 40.
Kf3 Rxh2 41. Rc4 c2 42. b4 h5 43. b5 h4 44. b6 hxg3 45. Kxg3 Rd2 46. b7 Rd3+ 47.
Kg4 Rb3 48. Rxc2 Rxb7 49. Rc3 Rb4 50. Rd3 Kh6 51. Rh3+ Kg7 52. Rc3 Ra4 53. Rb3 f6 54.
Kg3 Ra1 55. Rc3 Kh6 56. Rb3 Kh5 57. Rb5+ f5 58. Rb8 Ra3+ 59. Kg2 Kg4 60. Rb6 Ra2+ 61. Kf1 Kf3 62. Kg1 Rg2+ 63. Kh1 Rg4 64. Kh2 Kxf4 65. Kh3 Kg5 66. Rb3 Ra4 67. Rg3+ Kh5 68. Rb3 g5 69.
Rc3 g4+ 70. Kg3 f4+ 71. Kg2 Ra2+ 72. Kg1 g3 73. Rc8 Kg4 74. Rc4 Kh3 75. Rc1 Rg2+ 76.
Kh1 Rh2+ 77. Kg1 f3 78. Kf1 Rh1# 0-1

[Event "*** Titled Tuesday 3|2 Blitz"]
[Site "Chess.com"]
[Date "2015.11.03"]
[Round "7"]
[White "Matibar"]
[Black "gmjlh"]
[Result "1-0"]
[WhiteElo "2444"]
[BlackElo "2604"]
[TimeControl "180+2"]
[EndTime "12:33:27 PST"]
[Termination "Matibar won by resignation"]

1. g3 e5 2. Bg2 d5 3. d3 Nf6 4.
Nf3 Nc6 5. O-O Be7 6. c3 O-O 7. Qc2 Re8 8. e4 h6 9. h3 Bf8 10. Re1 Be6 11. Nbd2 Qd7 12. Kh2 Rad8 13. Nb3 a5 14.
Be3 dxe4 15. dxe4 Qd3 16. Qxd3 Rxd3 17. Bf1 Rdd8 18. Nc5 Bc8 19. Bb5 Nd7 20. Bxc6 bxc6 21. Nxd7 Rxd7 22. Red1 f6 23. Rxd7 Bxd7 24. Nd2 Be6 25.
a4 Rd8 26. h4 c5 27. Kg2 c4 28. Kf1 g5 29. hxg5 hxg5 30. Ke2 g4 31. Kd1 f5 32. Kc2 fxe4 33. Rh1 Bg7 34. Rh5 Kf7 35. Nxe4 Bd7 36. Nc5 Bc6 37. Rf5+ Kg8 38. Rg5 Re8 39. Rxg4 Bf3 40.
Rxc4 c6 41. Rh4 Bf8 42. Ne4 Be7 43. Ng5 Bxg5 44. Bxg5 Kg7 45. Rh6 Rf8 46. Be3 Rd8 47. b3 Bd1+ 48. Kb2 Rb8 49. Rxc6 Bxb3 50. Ka3 Bd1 51.
Bb6 Rf8 52. Rd6 Bc2 53. Rd2 Be4 54. Bxa5 Ra8 55. Bb6 Rc8 56. Kb4 Kg6 57. a5 Kf5 58. c4 Ra8 59. Kb5 Bb7 60. Rd7 Ba6+ 61. Kb4 Ke6 62.
Rd8 Rxd8 63. Bxd8 e4 64. Bb6 Kd6 65. Be3 Ke6 66. Kc5 Ke5 67. g4 Ke6 68. g5 Kf5 69. Kd5 Kg6 70. c5 1-0

[Event "*** Titled Tuesday 3|2 Blitz"]
[Site "Chess.com"]
[Date "2015.11.03"]
[Round "7"]
[White "GrigorGrigorov"]
[Black "Iball95"]
[Result "0-1"]
[WhiteElo "2430"]
[BlackElo "2372"]
[TimeControl "180+2"]
[EndTime "12:33:34 PST"]
[Termination "Iball95 won by resignation"]

1. d4 Nf6 2. Nf3 e6 3. c4 c5 4.
d5 b5 5. Bg5 exd5 6. cxd5 d6 7.
e3 a6 8. a4 Be7 9. axb5 O-O 10. Nc3 Bb7 11. bxa6 Nxa6 12. Bc4 Nb4 13. Rxa8 Qxa8 14.
O-O Nfxd5 15. Nxd5 Bxg5 16. Nxb4 Bxf3 17. Qxf3 Qxf3 18.
gxf3 cxb4 19. Ra1 Bf6 20. Ra2 g6 21. b3 Rd8 22. Bd5 Rd7 23. f4 Kg7 24. Ra6 Kf8 25.
Rb6 Bc3 26. Kg2 Ke7 27. Kf3 f5 28. Rb8 Ra7 29. h3 Ra5 30. Bg8 Ra2 31. Rb7+ Kf8 32. Bxh7 Be1 33. e4 Rxf2+ 34. Ke3 fxe4 35. Bxg6 d5 36. f5 Rg2 37. Kd4 Bc3+ 38. Kxd5 e3 39. Rf7+ Kg8 40. Re7 e2 41. Re8+ Kg7 42. Re7+ Kh6 43.
h4 Rxg6 44. Rxe2 Rf6 45. Ke4 Kh5 46. Kf4 Rf8 47. Re7 Bd2+ 48. Ke5 Kxh4 49. Ke6 Bc3 50. Rh7+ Kg5 51. Rh1 Rf6+ 52. Kd5 Rxf5+ 53. Kc4 Rf4+ 54. Kb5 Kf5 55. Rh5+ Ke4 56. Ka4 Kd4 57. Rh8 Rf2 58. Rd8+ Ke3 59. Kb5 Rf5+ 60. Ka4 Rf7 61. Kb5 Rf4 62.
Ka4 Rd4 63. Rh8 Kd3 64. Rh3+ Kc2 65. Rh2+ Bd2 66. Rh5 Rd8 67. Rc5+ Bc3 68. Ra5 Rd1 69. Rh5 Ra1+ 70. Kb5 Kxb3 71. Rh2 Rd1 0-1

[Event "*** Titled Tuesday 3|2 Blitz"]
[Site "Chess.com"]
[Date "2015.11.03"]
[Round "7"]
[White "jcibarra"]
[Black "GeorgMeier"]
[Result "1/2-1/2"]
[WhiteElo "2535"]
[BlackElo "2611"]
[TimeControl "180+2"]
[EndTime "12:33:49 PST"]
[Termination "Game drawn - insufficient material"]

1. e4 e6 2. d4 d5 3. Bd3 dxe4 4. Bxe4 Nf6 5. Bf3 c5 6. Ne2 Be7 7. Be3 O-O 8. O-O Qa5 9. Nd2 Rd8 10. c3 Nbd7 11.
dxc5 Ne5 12. Qc2 Qc7 13. b4 Bd7 14. Bf4 Nxf3+ 15. Nxf3 Qc8 16. Ne5 b6 17. cxb6 axb6 18. Nxd7 Rxd7 19. Qb3 b5 20. Nd4 Nd5 21. Bd2 Qa6 22.
Nxb5 Qxb5 23. c4 Qa4 24. cxd5 Rxd5 25. Qb2 Bf6 26. Bc3 Bxc3 27. Qxc3 Qa3 28. Rfc1 h5 29.
Qxa3 Rxa3 30. Rc2 h4 31. h3 Rb5 32. Rb1 g5 33. Kf1 Kg7 34. Ke2 Kf6 35. Kd2 Ke5 36. Rbb2 Kd4 37. Rc7 f5 38. Ke2 Ra4 39. Rd2+ Ke5 40.
Rc5+ Rxc5 41. bxc5 Rc4 42. a3 Rxc5 43. Ra2 Ra5 44. a4 Kd4 45. Kd2 e5 46. Ke2 e4 47.
Kd2 f4 48. Ke2 Kc4 49. Ra1 Kb3 50. g3 Rxa4 51. Rb1+ Kc4 52. gxf4 gxf4 53. Rb2 Kc3 54. Rb8 Ra2+ 55. Ke1 Ra1+ 56. Ke2 f3+ 57. Ke3 Re1+ 58.
Kf4 Re2 59. Rd8 Kc2 60. Rd7 Re1 61. Rd4 Re2 62. Rxe4 Rxf2 63. Re3 Kd2 64. Rxf3 Rxf3+ 65. Kxf3 Kd3 66. Kg4 Ke4 67. Kxh4 Kf5 68. Kh5 Kf6 69. h4 Kg7 70. Kg5 Kh7 71. h5 Kh8 72. h6 Kh7 73.
Kf4 Kh8 74. Ke3 Kh7 75. Kd2 Kh8 76. h7 Kxh7 1/2-1/2

[Event "*** Titled Tuesday 3|2 Blitz"]
[Site "Chess.com"]
[Date "2015.11.03"]
[Round "7"]
[White "Izoria123"]
[Black "Malev212"]
[Result "1-0"]
[WhiteElo "2426"]
[BlackElo "2235"]
[TimeControl "180+2"]
[EndTime "12:34:17 PST"]
[Termination "Izoria123 won on time"]

1. d4 Nf6 2. Nf3 b6 3. Bg5 Bb7 4. Bxf6 gxf6 5. e3 e6 6. g3 c5 7. Bg2 d5 8. O-O Nd7 9. Nbd2 f5 10. c4 Bg7 11. Nh4 Nf6 12. dxc5 bxc5 13. Qa4+ Qd7 14.
Qxd7+ Kxd7 15. Nb3 Rac8 16. Rac1 Kd6 17. Rfd1 Rhd8 18.
Na5 Ba8 19. cxd5 Nxd5 20. Nc4+ Ke7 21. Nf3 Nb4 22. Ne1 Bd5 23. a3 Na2 24. Rc2 Bxc4 25.
Rxd8 Rxd8 26. Rxc4 Rd1 27. Kf1 Bxb2 28. Ke2 Rc1 29.
Rc2 Nc3+ 30. Kd2 Nb1+ 31. Ke2 Rxc2+ 32. Nxc2 Nxa3 33. Nxa3 Bxa3 34. Kd3 Bb4 35. Bc6 Kd6 36. Be8 f6 37. Bb5 Be1 38. Ke2 Bb4 39. Kd3 e5 40. f3 Be1 41. e4 f4 42. gxf4 exf4 43. Kc4 Bf2 44. h3 Ke7 45. Kd5 Bd4 46. Kc4 Kf7 47. Bd7 Kg6 48. Bf5+ Kh6 49. Kb5 Be3 50. Kc4 Kg7 51.
Kb5 Bd4 52. Kc4 h5 53. Bd7 Kh6 54. Be8 Kg5 55. Kb5 Kh4 56. Kc4 Be3 57. Kb5 Bf2 58. Kc4 a6 59. Bf7 Be3 60. Be8 Kxh3 61. Bxh5 Kg3 62.
Kb3 Kf2 63. Bg4 Ke2 64. Kc4 a5 65. Kb5 Kd3 66. Be6 Ke2 67. Bg4 a4 68. Kxa4 c4 69. Kb4 Kd3 70. e5 Bd2+ 71. Kb5 fxe5 72. Bf5+ Kd4 73.
Ka4 Bc1 74. Be4 Bb2 75. Bf5 Bc1 76. Kb4 Bd2+ 77. Ka3 1-0

[Event "*** Titled Tuesday 3|2 Blitz"]
[Site "Chess.com"]
[Date "2015.11.03"]
[Round "7"]
[White "pedromartinez91"]
[Black "Sadovsky_Artem"]
[Result "1-0"]
[WhiteElo "2214"]
[BlackElo "2395"]
[TimeControl "180+2"]
[EndTime "12:34:38 PST"]
[Termination "pedromartinez91 won on time"]

1. e4 g6 2. Nf3 Bg7 3. d4 d6 4.
Nc3 e5 5. dxe5 dxe5 6. Qxd8+ Kxd8 7. Bc4 f6 8. Be3 Nd7 9. O-O-O Bh6 10. Bxg8 Bxe3+ 11.
fxe3 Rxg8 12. Nd5 Rf8 13. Rhf1 c6 14. Nb4 Ke7 15. Nd3 c5 16. b3 b6 17. Nb2 Bb7 18. Nd2 Rad8 19. a4 Nb8 20. Nbc4 Na6 21. h4 Nc7 22. h5 g5 23. Rf2 Ne6 24. Rh1 g4 25. Rh4 Rg8 26. Na3 g3 27. Rf3 Ng5 28.
Rf1 Rd7 29. Nb5 Rgd8 30. Nc4 Nxe4 31. Nxa7 Ba6 32. Nb5 Bxb5 33. axb5 Nc3 34. Nxb6 Rd1+ 35. Rxd1 Rxd1+ 36. Kb2 Nxb5 37. Rg4 Kf7 38. Rxg3 Nd6 39. Rg4 Re1 40. Nd5 Ke6 41. c4 Re2+ 42. Ka3 Nf5 43. e4 Nd4 44. Rg7 Rxe4 45. Rxh7 Rg4 46. Rh6 Rxg2 47. Rxf6+ Kd7 48. h6 Rg3 49. h7 Rxb3+ 50.
Ka2 Rh3 51. Rf7+ Ke6 52. Rf6+ Kd7 53. Rf7+ Kd6 54. Nf6 Ne6 55. Rd7+ Kc6 56. Rf7 Rh2+ 57. Kb1 Kd6 58. Rd7+ Kc6 59. Re7 Ng5 60. Rg7 Nf3 61. Rg8 Nd2+ 62. Kc1 Nb3+ 63. Kd1 Rh1+ 64. Ke2 Nd4+ 65.
Kf2 Rh2+ 66. Kg3 Rh6 67. h8=Q Rxh8 68. Rxh8 Nf5+ 69. Kf3 Nd6 70. Ne4 Nxc4 71. Rc8+ Kd5 72. Rxc5+ Kd4 73. Rc8 Kd5 74. Rd8+ Ke6 75. Ke2 Na5 76.
Rc8 Nb3 77. Nc5+ 1-0

[Event "*** Titled Tuesday 3|2 Blitz"]
[Site "Chess.com"]
[Date "2015.11.03"]
[Round "7"]
[White "oggy1984"]
[Black "pKiLz5Rn9b"]
[Result "1/2-1/2"]
[WhiteElo "2284"]
[BlackElo "2444"]
[TimeControl "180+2"]
[EndTime "12:35:57 PST"]
[Termination "Game drawn by repetition"]

1. d4 e6 2. c4 Nf6 3. Nc3 Bb4 4.
Qc2 d5 5. cxd5 exd5 6. Nf3 c5 7. e3 Nc6 8. dxc5 O-O 9. Bd2 d4 10. exd4 Nxd4 11. Nxd4 Qxd4 12. Be2 Qxc5 13. O-O Bf5 14. Qb3 Bxc3 15. Bxc3 Nd5 16. Rac1 Nxc3 17. Rxc3 Qe7 18. Re3 Be6 19. Bc4 Bxc4 20. Rxe7 Bxb3 21. axb3 Rab8 22. Rc1 a5 23. Rcc7 b5 24. Kf1 g6 25. h4 Kg7 26. Rb7 Rbc8 27. Rxb5 Rc1+ 28. Re1 Rc2 29. Re2 Rc1+ 30. Re1 Rc2 31. Re2 Rc1+ 32. Re1 Rfc8 33. Rxa5 R1c2 34. Re2 Rc1+ 35. Re1 R1c2 36. Re2 R2c6 37.
Ra7 Rb8 38. Ree7 Rf6 39. Rab7 Rc8 40. Re2 Rc1+ 41. Re1 Rc2 42. Re2 Rc1+ 43. Re1 Rc2 44. f3 Rxb2 45. Ree7 h6 46. b4 g5 47. hxg5 hxg5 48. Kg1 Rf4 49. Re4 Rxe4 50. fxe4 Re2 51. Rb5 Kf6 52. Rf5+ Kg6 53. Re5 f6 54. Re7 Rb2 55. Rb7 g4 56. g3 Re2 57. Re7 Kg5 58. Kf1 Rb2 59. Rg7+ Kh5 60. Rb7 Kg6 61. Kg1 Re2 62.
Re7 Re3 63. Kf2 Rb3 64. Rb7 Kg5 65. Rb5+ Kg6 66. Rb8 Rf3+ 67. Kg2 Re3 68. b5 Rxe4 69. b6 Rb4 70. b7 Kf5 71. Kf2 Rb3 72. Ke2 Rb2+ 73.
Kd3 Rb1 74. Kc2 Rb6 75. Kc3 Rb1 76. Kc4 Rc1+ 77. Kd5 Rb1 78. Kc6 Rc1+ 79. Kd6 Rd1+ 80. Ke7 Rb1 81. Kf7 Rb3 82. Ke7 Rb6 83. Kd8 Rb1 84.
Kd7 Rd1+ 85. Kc6 Rc1+ 86. Kb5 Rb1+ 87. Kc4 Rc1+ 88. Kd4 Rd1+ 89. Kc3 Rb1 90. Kc2 Rb6 91. Kc1 Rc6+ 92. Kd1 Rd6+ 93. Ke2 Re6+ 94. Kd3 Rb6 95. Kc3 Rb1 1/2-1/2

[Event "*** Titled Tuesday 3|2 Blitz"]
[Site "Chess.com"]
[Date "2015.11.03"]
[Round "8"]
[White "Blitzstream"]
[Black "LADIESGET2KNOWME"]
[Result "1-0"]
[WhiteElo "2406"]
[BlackElo "2249"]
[TimeControl "180+2"]
[EndTime "12:39:23 PST"]
[Termination "Blitzstream won by resignation"]

1. d4 Nf6 2. Bg5 Ne4 3. Bh4 g5 4. f3 gxh4 5. fxe4 c5 6. e3 Qb6 7.
Nc3 Bh6 8. Nd5 Qd8 9. Qh5 e6 10.
Qxh6 exd5 11. exd5 cxd4 12. O-O-O dxe3 13. Re1 Qb6 14. Rxe3+ Kd8 15. d6 1-0